Cogmind - Beta 12 @@@ ROGUE MODE // 2023.07.08 @ 17:31:21 Player: LustLizard Result: Self-destructed Performance ------------- Evolutions (3) 1500 Regions Visited (7) 1400 Robots Destroyed (84) 420 Value Destroyed (2329) 2329 Prototype IDs (5) 100 Alien Tech Used (0) 0 Bonus (103) 103 TOTAL SCORE: 5852 Bonus ------- Follower Combat Kills 103 Cogmind --------- Core Integrity 700/700 Matter 290/300 Energy 83/100 System Corruption 0% Temperature Cool (0) Movement Walking (260) Ox2 Location -7/Waste Parts ------- > --- POWER (1) -------- (None) > --- PROPULSION (4) --- Aluminum Leg > --- UTILITY (6) ------ Large Storage Unit Improved Sensor Array Improved Signal Interpreter Advanced Terrain Scan Processor > --- WEAPON (2) ------- Chainsword > --- INVENTORY (15) --- Deuterium Engine Light Nuclear Core Armored Wheel Improved Heat Sink Large Storage Unit Improved Sensor Array Advanced Signal Interpreter Hardened Medium Armor Plating Hardlight Generator HERF Cannon Plasma Cannon Advanced Assault Cannon Missile Launcher Chainsword Peak State ------------ > --- POWER ------------ Deuterium Engine > --- PROPULSION ------- Improved Aluminum Leg Carbon-fiber Leg VSS Leg Improved Carbon-fiber Leg > --- UTILITY ---------- Coolant Injector Large Storage Unit Improved Sensor Array Improved Signal Interpreter Improved Terrain Scanner Advanced Terrain Scan Processor > --- WEAPON ----------- Chainsword Chainsword > --- INVENTORY -------- Deuterium Engine Improved Carbon-fiber Leg Armored Wheel Improved Heat Sink Large Storage Unit Advanced Weight Redist. System Improved Sensor Array Reaction Control System Hardened Medium Armor Plating Hardlight Generator Plasma Cannon Plasma Cannon Advanced Assault Cannon Missile Launcher Chainsword [Rating: 45] Favorites ----------- Power Ion Engine Engine Ion Engine Power Core Light Nuclear Core Propulsion Light Treads Treads Light Treads Leg Improved Aluminum Leg Wheel Armored Wheel Utility Large Storage Unit Device Advanced Weight Redist. System Storage Large Storage Unit Processor Improved Signal Interpreter Protection Hardened Medium Armor Plating Weapon EM Shotgun Energy Gun EM Shotgun Energy Cannon Light EM Pulse Cannon Ballistic Cannon Bore Cannon Slashing Weapon Chainsword Build | -11 -10 -10 -9 -9 -8 -7 -7 ------- Run | Jun Mat Min Mat Min Mat Fac Was Slots Evolved 6 | . . . 2 . 2 2 . Power . | . . . . . . . . Propulsion 2 | . . . . . 1 1 . Utility 4 | . . . 2 . 1 1 . Weapon . | . . . . . . . . Parts Attached 86 | 6 11 14 13 7 22 12 1 Power 10 | 1 2 2 2 1 1 1 . Engine 9 | 1 2 2 1 1 1 1 . Core 1 | . . . 1 . . . . Reactor . | . . . . . . . . Propulsion 16 | 2 2 1 1 1 5 3 1 Treads 5 | 1 1 . 1 1 1 . . Leg 7 | . . . . . 3 3 1 Wheel 4 | 1 1 1 . . 1 . . Hover . | . . . . . . . . Flight . | . . . . . . . . Utility 36 | 1 3 7 7 3 9 6 . Device 27 | . 1 7 6 3 6 4 . Storage 4 | 1 2 . 1 . . . . Processor 3 | . . . . . 1 2 . Hackware . | . . . . . . . . Protection 2 | . . . . . 2 . . Artifact . | . . . . . . . . Weapon 24 | 2 4 4 3 2 7 2 . Energy Gun 18 | 2 4 2 2 2 6 . . Energy Cannon 3 | . . 2 . . 1 . . Ballistic Gun . | . . . . . . . . Ballistic Cannon 1 | . . . 1 . . . . Launcher . | . . . . . . . . Special Weapon . | . . . . . . . . Impact Weapon . | . . . . . . . . Slashing Weapon 2 | . . . . . . 2 . Piercing Weapon . | . . . . . . . . Special Melee Weapon . | . . . . . . . . Unidentified Prototypes 3 | . . . 1 . 2 . . Corrupted Parts 2 | . . 1 1 . . . . System Corruption 15 | . . 4 11 . . . . Parts Lost 20 | . 4 5 3 1 1 2 4 Power 5 | . 1 1 1 1 . . 1 Propulsion 5 | . 1 1 1 . . 1 1 Utility 4 | . . . 1 . 1 1 1 Weapon 6 | . 2 3 . . . . 1 Highest Loss Streak 4 | . 2 4 1 1 1 2 4 To Critical Strikes . | . . . . . . . . Average Slot Usage (%) 99 | . 99 99 99 99 98 99 96 Engine 9 | . 13 14 4 10 9 7 6 Treads 8 | . 14 12 7 11 6 . . Leg 8 | . . . . . 15 29 28 Wheel 8 | . 14 15 14 11 3 . . Device 25 | . 11 14 32 32 34 22 21 Storage 11 | . 16 14 11 11 9 7 7 Processor 2 | . . . . . . 14 15 Energy Gun 19 | . 28 25 22 21 17 5 . Slashing Weapon 1 | . . . . . . 9 15 Naked Turns . | . . . . . . . . Heaviest Build 45 | 14 32 33 38 36 45 38 38 Greatest Support 58 | 10 20 22 31 29 47 58 56 Greatest Overweight (x) 3 | 1 3 3 2 1 3 . 2 Average Overweight (x) 1 | . 2 2 1 1 1 . . Largest Inventory Capacity 15 | 8 15 15 15 15 15 15 15 Average Capacity 14 | 6 12 15 15 15 15 15 15 Most Carried 15 | 6 15 15 15 15 15 15 15 Average Carried 13 | 4 8 14 14 14 14 14 14 Final Capacity 15 | 8 15 15 15 15 15 15 15 Final Carried 15 | 6 15 14 15 15 15 15 14 Class Distribution -------------------- 66% | Mutant 24% | Scavenger-Mutant 4% | Assassin 3% | Scavenger-Skirmisher Dominant Class ---------------- Mutant | -10/Materials Mutant | -10/Mines Mutant | -9/Materials Scavenger-Mutant | -9/Mines Mutant | -8/Materials Assassin | -7/Factory Mutant | -7/Waste Resources | -11 -10 -10 -9 -9 -8 -7 -7 ----------- Run | Jun Mat Min Mat Min Mat Fac Was Matter Collected 1198 | 176 311 125 118 80 268 120 . Remotely . | . . . . . . . . Salvage Created 3009 | . 538 269 463 386 1163 190 . Parts 179 | . 40 13 38 17 66 5 . Haulers Intercepted 2 | . . . 1 . 1 . . Recyclers Shooed 3 | . . . 1 1 1 . . Parts Field Recycled . | . . . . . . . . Retrieved Matter . | . . . . . . . . Parts Self-Destructed . | . . . . . . . . Prevented . | . . . . . . . . Kills | -11 -10 -10 -9 -9 -8 -7 -7 ------- Run | Jun Mat Min Mat Min Mat Fac Was Combat Hostiles Destroyed 68 | . 12 10 13 7 23 3 . Melee 3 | . . . . . . 3 . Guns 62 | . 10 10 13 7 22 . . AOE 2 | . 2 . . . . . . Classes Destroyed 13 | . 3 1 2 3 4 . . Worker 3 | . . . . 1 2 . . Builder 1 | . . . . . 1 . . Tunneler 1 | . . . . 1 . . . Hauler 2 | . . . 1 . 1 . . Recycler 1 | . . . . 1 . . . Operator 1 | . . . . . 1 . . Watcher 11 | . 3 . 3 . 4 1 . Swarmer 20 | . 3 3 7 . 7 . . Grunt 32 | . 9 3 4 6 7 3 . Brawler 1 | . . . . . 1 . . Sentry 10 | . . . 2 1 7 . . Hunter 1 | . . . . . 1 . . Assembled 4 | . . 4 . . . . . Best Kill Streak 11 | . 4 3 4 4 11 3 . Combat Bots Only 9 | . 3 3 4 3 9 3 . Max Kills in Single Turn 2 | . 1 2 2 2 2 1 . Gunslinging 1 | . . . . . 1 . . Exploded 1 | . 1 . . . . . . Melee 1 | . . . . . . 1 . Uniques/NPCs Destroyed . | . . . . . . . . Combat | -11 -10 -10 -9 -9 -8 -7 -7 -------- Run | Jun Mat Min Mat Min Mat Fac Was Damage Taken 2777 | . 627 515 383 158 850 96 148 Core 369 | . 123 82 36 20 108 . . Absorbed by Shields . | . . . . . . . . Regen/Repaired (Parts) 97 | . . . 10 . 87 . . Core Remaining (%) 71 | 100 . 18 . 86 80 . . Volleys Fired 208 | . 36 30 33 21 88 . . Largest 2 | . 2 2 2 2 2 . . Hottest 130 | . 90 130 130 121 126 . . Shots Fired 408 | . 70 54 65 45 174 . . Gun 407 | . 70 53 65 45 174 . . Cannon 1 | . . 1 . . . . . Launcher . | . . . . . . . . Special . | . . . . . . . . Kinetic . | . . . . . . . . Thermal 294 | . . 10 65 45 174 . . Explosive . | . . . . . . . . Electromagnetic 114 | . 70 44 . . . . . Robot Hit Streak 31 | . 10 9 5 9 31 . . Robot Miss Streak 6 | . 5 3 6 3 5 . . Penetration Max . | . . . . . . . . Secondary Targets 3 | . . . . . 3 . . Max Gunslinging Chain 1 | . . . . . 1 . . Shots Hit Robots 286 | . 54 43 33 32 118 5 1 Core Hits 143 | . 28 23 20 14 54 4 . Critical Kills . | . . . . . . . . Critical Parts Destroyed . | . . . . . . . . Critical Strikes 13 | . . . 4 1 8 . . Burn 13 | . . . 4 1 8 . . Melee Attacks 7 | . . . . . . 6 1 Impact . | . . . . . . . . Slashing 7 | . . . . . . 6 1 Piercing . | . . . . . . . . Sneak Attacks . | . . . . . . . . Combat Hostiles . | . . . . . . . . Follow-up Attacks . | . . . . . . . . Damage Inflicted 4850 | . 831 577 609 513 2116 183 21 Guns 4426 | . 689 509 609 513 2106 . . Cannons 25 | . . 25 . . . . . Explosions 177 | . 134 43 . . . . . Melee 204 | . . . . . . 183 21 Ramming 18 | . 8 . . . 10 . . Kinetic . | . . . . . . . . Thermal 3512 | . 134 150 609 513 2106 . . Explosive . | . . . . . . . . Electromagnetic 1116 | . 689 427 . . . . . Impact . | . . . . . . . . Slashing 204 | . . . . . . 183 21 Piercing . | . . . . . . . . Highest Corruption 11 | . . 4 11 11 . . . Average Corruption 10 | . . 4 11 11 . . . Corruption Purged . | . . . . . . . . Corruption Blocked . | . . . . . . . . Effects 35 | . . . 1 34 . . . Message Errors 12 | . . . . 12 . . . Matter Fused 9 | . . . 1 8 . . . Heat Flow Errors 4 | . . . . 4 . . . Energy Discharges 3 | . . . . 3 . . . Data Loss (minor) 1 | . . . . 1 . . . Data Loss (major) 2 | . . . . 2 . . . Misfires 3 | . . . . 3 . . . Alerts 1 | . . . . 1 . . . Overload Shots . | . . . . . . . . Overflow Damage 76 | . 41 35 . . . . . Projectiles . | . . . . . . . . Explosions 76 | . 41 35 . . . . . Melee . | . . . . . . . . Knockbacks . | . . . . . . . . Impact . | . . . . . . . . Kinetic . | . . . . . . . . Secondary . | . . . . . . . . Self-Inflicted Damage 69 | . 30 39 . . . . . Shots 2 | . 1 1 . . . . . Rammed 2 | . 2 . . . . . . Targets Rammed 5 | . 2 . . . 3 . . Kicked 3 | . . . . . 3 . . Crushed . | . . . . . . . . Highest Temperature 316 | . 309 255 99 245 316 . . Average Temperature 78 | . 108 88 30 52 99 . . Received Heat Transfer 1041 | . 273 207 90 93 306 72 . Effects 1 | . 1 . . . . . . Interference 1 | . 1 . . . . . . Siege Activations . | . . . . . . . . Robots Corrupted . | . . . . . . . . Combat Hostiles . | . . . . . . . . Parts Fried 1 | . 1 . . . . . . Impact Corruptions . | . . . . . . . . Robots Melted 1 | . . . . . 1 . . Combat Hostiles 1 | . . . . . 1 . . Parts Melted 22 | . . . 4 2 16 . . Heat Transferred 8575 | . 150 359 1628 1258 5180 . . Parts Sabotaged . | . . . . . . . . Parts Stolen . | . . . . . . . . Parts Stripped . | . . . . . . . . Power Chain Reactions 4 | . 3 1 . . . . . Missiles Intercepted . | . . . . . . . . Alert | -11 -10 -10 -9 -9 -8 -7 -7 ------- Run | Jun Mat Min Mat Min Mat Fac Was Peak Influence 371 | . 242 70 225 201 371 168 15 Initial 168 | . . 17 24 . . 168 . Average 75 | . 86 42 92 45 90 97 . Maximum Alert Level 1 | . 1 . 1 1 1 . . Low Security (%) 90 | 100 82 100 87 96 84 100 100 Level 1 9 | . 17 . 12 3 15 . . Level 2 . | . . . . . . . . Level 3 . | . . . . . . . . Level 4 . | . . . . . . . . Level 5 . | . . . . . . . . High Security . | . . . . . . . . Max Security . | . . . . . . . . Squads Dispatched 8 | . 3 . 3 . 1 1 . Investigation 2 | . 1 . 1 . . . . Extermination . | . . . . . . . . Reinforcement 6 | . 2 . 2 . 1 1 . Assault . | . . . . . . . . Garrison . | . . . . . . . . Intercept . | . . . . . . . . Searches Triggered . | . . . . . . . . Construction Impeded . | . . . . . . . . Haulers Reinforced . | . . . . . . . . Active Scanning Responses . | . . . . . . . . Cargo Convoy Interrupts . | . . . . . . . . Stealth | -11 -10 -10 -9 -9 -8 -7 -7 --------- Run | Jun Mat Min Mat Min Mat Fac Was Distress Signals 9 | . . 1 2 . 6 . . Communications Jammed . | . . . . . . . . Distress Signals . | . . . . . . . . Times Spotted 106 | . 14 12 26 8 37 6 3 Peak Tracking Total 6 | . 4 3 6 3 6 3 3 Tactical Retreats 4 | . . 1 1 . 2 . . Traps | -11 -10 -10 -9 -9 -8 -7 -7 ------- Run | Jun Mat Min Mat Min Mat Fac Was Traps Triggered 4 | . 1 . 1 . . 2 . Indirectly . | . . . . . . . . Trap Hack Attempts . | . . . . . . . . Triggered . | . . . . . . . . Disarmed . | . . . . . . . . Reprogrammed . | . . . . . . . . Reused . | . . . . . . . . Traps Extracted . | . . . . . . . . Installed . | . . . . . . . . Triggered . | . . . . . . . . Machines | -11 -10 -10 -9 -9 -8 -7 -7 ---------- Run | Jun Mat Min Mat Min Mat Fac Was Machines Disabled 3 | . 2 . . . 1 . . Max in Single Turn 2 | . 2 . . . . . . Garrison Access 1 | . . . . . 1 . . Machines Repaired . | . . . . . . . . Machines Sabotaged . | . . . . . . . . Overloaded Fab Kills . | . . . . . . . . Hacking | -11 -10 -10 -9 -9 -8 -7 -7 --------- Run | Jun Mat Min Mat Min Mat Fac Was Machines Accessed 19 | . 5 . 4 1 9 . . Terminals 15 | . 5 . 3 . 7 . . Fabricators . | . . . . . . . . Repair Stations 2 | . . . 1 . 1 . . Recycling Units . | . . . . . . . . Scanalyzers . | . . . . . . . . Garrison Access 1 | . . . . . 1 . . Total Hacks 67 | . 18 . 14 1 34 . . Successful 33 | . 7 . 7 1 18 . . Failed 34 | . 11 . 7 . 16 . . Catastrophic 3 | . 1 . . . 2 . . Database Lockouts . | . . . . . . . . Manual 47 | . 16 . 9 . 22 . . Terminals 58 | . 18 . 10 . 30 . . Fabricators . | . . . . . . . . Repair Stations 7 | . . . 4 . 3 . . Recycling Units . | . . . . . . . . Scanalyzers . | . . . . . . . . Garrison Access 1 | . . . . . 1 . . Terminal Hacks 19 | . 4 . 2 1 12 . . Record 1 | . 1 . . . . . . Robot Analysis 4 | . 1 . . . 3 . . Prototype ID Bank 1 | . . . . . 1 . . Open Door 1 | . . . . 1 . . . Branch Access Points 1 | . . . . . 1 . . Unreport Threat 4 | . 1 . 1 . 2 . . Locate Traps 6 | . 1 . 1 . 4 . . Hauler Manifests 1 | . . . . . 1 . . Fabricator Hacks . | . . . . . . . . Repair Station Hacks 4 | . . . 2 . 2 . . Scan Component 2 | . . . 1 . 1 . . Repair 2 | . . . 1 . 1 . . Recycling Unit Hacks . | . . . . . . . . Scanalyzer . | . . . . . . . . Garrison Access Hacks 1 | . . . . . 1 . . Seal Access 1 | . . . . . 1 . . Unauthorized Hacks 9 | . 3 . 3 . 3 . . Terminals 9 | . 3 . 3 . 3 . . Assimilate 5 | . 1 . 2 . 2 . . Botnet 4 | . 2 . 1 . 1 . . Fabricators . | . . . . . . . . Repair Stations . | . . . . . . . . Recycling Units . | . . . . . . . . Scanalyzers . | . . . . . . . . Garrison Access . | . . . . . . . . Data Cores Recovered 1 | . . . . . 1 . . Used . | . . . . . . . . Hacking Detections 16 | . 5 . 3 . 8 . . Full Trace Events . | . . . . . . . . Feedback Events . | . . . . . . . . Feedback Blocked . | . . . . . . . . Robot Schematics Acquired . | . . . . . . . . Robots Built . | . . . . . . . . Authchips . | . . . . . . . . Time . | . . . . . . . . Total Robot Build Rating . | . . . . . . . . Part Schematics Acquired . | . . . . . . . . Parts Built . | . . . . . . . . Authchips . | . . . . . . . . Time . | . . . . . . . . Total Part Build Rating . | . . . . . . . . Parts Repaired 2 | . . . 1 . 1 . . Time 70 | . . . 38 . 32 . . Parts Recycled . | . . . . . . . . Recycled Matter . | . . . . . . . . Retrieved Matter . | . . . . . . . . Retrieved Components . | . . . . . . . . Parts Scanalyzed . | . . . . . . . . Part Schematics Acquired . | . . . . . . . . Parts Damaged . | . . . . . . . . Bothacking | -11 -10 -10 -9 -9 -8 -7 -7 ------------ Run | Jun Mat Min Mat Min Mat Fac Was Used RIF Installer . | . . . . . . . . Robots Hacked . | . . . . . . . . Non-combat . | . . . . . . . . Combat . | . . . . . . . . Robot Hacks Applied . | . . . . . . . . Relay Couplers Released . | . . . . . . . . Fabnet Peak Effective % . | . . . . . . . . Robots Rewired . | . . . . . . . . Allies Hacked . | . . . . . . . . Hacks Repelled . | . . . . . . . . Allies | -11 -10 -10 -9 -9 -8 -7 -7 -------- Run | Jun Mat Min Mat Min Mat Fac Was Total Allies 3 | . . . . 3 . . . Largest Group 3 | . . . . 3 3 . . Highest-Rated Group 40 | . . . . 40 40 . . Highest-Rated Ally 16 | . . . . 16 16 . . Total Orders . | . . . . . . . . Ally Attacks 27 | . . . . 7 20 . . Total Damage 297 | . . . . 93 204 . . Kills 3 | . . . . 1 2 . . Allies Corrupted . | . . . . . . . . Allies Melted . | . . . . . . . . Intel | -11 -10 -10 -9 -9 -8 -7 -7 ------- Run | Jun Mat Min Mat Min Mat Fac Was Robot Analysis Total 4 | . 1 . . . 3 . . Derelict Logs Recovered 2 | . . 1 . 1 . . . Drone Launches . | . . . . . . . . Drone Recoveries . | . . . . . . . . Exploration | -11 -10 -10 -9 -9 -8 -7 -7 ------------- Run | Jun Mat Min Mat Min Mat Fac Was Turns Passed 6386 | 58 1194 684 806 962 1684 800 198 Spaces Moved 4010 | 53 739 458 571 524 878 634 153 Core 14 | 14 . . . . . . . Treads 243 | . 1 . . 242 . . . Legs 1243 | . . . . . 456 634 153 Wheels 2510 | 39 738 458 571 282 422 . . Hover . | . . . . . . . . Flight . | . . . . . . . . Fastest Speed 50 | 50 95 100 100 105 105 112 120 Average Speed 127 | 80 112 122 107 167 146 113 125 Slowest Speed 260 | 95 240 125 120 240 186 120 260 Overloaded Moves . | . . . . . . . . Propulsion Burnouts . | . . . . . . . . Robots Hopped . | . . . . . . . . Cave-ins Triggered . | . . . . . . . . Exploration Rate (%) 55 | 3 98 70 51 71 70 15 67 Regions Visited 7 Branch Regions 2 Pre-discovered Areas 3 | . . 2 . 1 . . . Known Exits Taken 1 | . . . . . 1 . . Unknown Exits Taken 5 | 1 1 1 1 1 . . . Scrap Searched 2 | . . 1 . 1 . . . Spaces Dug . | . . . . . . . . Terrain Destroyed 14 | . 10 4 . . . . . Melee . | . . . . . . . . Projectile . | . . . . . . . . AOE 14 | . 10 4 . . . . . Terrain Rammed . | . . . . . . . . Walls Destroyed . | . . . . . . . . Machines Disabled . | . . . . . . . . Actions | -11 -10 -10 -9 -9 -8 -7 -7 --------- Run | Jun Mat Min Mat Min Mat Fac Was Total 4889 | 65 1039 526 701 572 1122 705 159 Wait 431 | . 215 11 70 9 89 37 . Move 4004 | 52 738 457 570 523 877 634 153 Hop . | . . . . . . . . Pick Up 73 | 7 22 8 8 6 16 4 2 Fast Attach 26 | 5 3 1 3 . 9 5 . Attach 28 | 1 4 6 5 3 5 3 1 Detach 4 | . 1 1 . . 2 . . Swap 32 | . 4 7 5 4 8 4 . Drop 66 | . 14 5 7 6 25 7 2 Fire 208 | . 36 30 33 21 88 . . Melee 7 | . . . . . . 6 1 Ram . | . . . . . . . . Kick 3 | . . . . . 3 . . Crush 2 | . 2 . . . . . . Escape Stasis 5 | . . . . . . 5 . Rewire . | . . . . . . . . Trap . | . . . . . . . . Miscellaneous . | . . . . . . . . Route ------- -11/Junkyard -10/Materials (discovered 5 exits: *Mat x3 / [*Min x2]) -10/Mines -9/Materials (discovered 3 exits: *Mat / *Min x2) -9/Mines (discovered 3 exits: *Mat / [*Exi] / [*Zio]) -8/Materials -7/Factory -7/Waste History --------- Turn | Location | Event 2 | -11/Junkyard | Discovered new exit (range 16) 59 | -11/Junkyard | Entered Materials 220 | -10/Materials | Discovered new exit (range 15) 321 | -10/Materials | Build established: Mutant 361 | -10/Materials | Discovered new exit (range 12) 529 | -10/Materials | Discovered new exit (range 9) 926 | -10/Materials | Discovered new exit (range 7) 1111 | -10/Materials | Discovered new exit (range 13) 1253 | -10/Materials | Entered Mines 1254 | -10/Mines | Learned location of Storage (-7) 1383 | -10/Mines | Core integrity fell below 50% 1446 | -10/Mines | Assembled infested the area 1451 | -10/Mines | Assisted by a Guerilla fighting off Assembled 1854 | -10/Mines | Discovered new exit (range 8) 1876 | -10/Mines | Core integrity fell below 20% 1898 | -10/Mines | Lost 4 parts (1p1n2w) 1937 | -10/Mines | Entered Materials 1937 | -9/Materials | Evolved 2 slots: Utility x2 2252 | -9/Materials | Discovered new exit (range 14) 2406 | -9/Materials | Discovered new exit (range 5) 2708 | -9/Materials | Repaired Reaction Control System 2734 | -9/Materials | Discovered new exit (range 7) 2742 | -9/Materials | System corruption reached 10% 2743 | -9/Materials | Entered Mines 2835 | -9/Mines | A Derelict revealed a hidden shortcut to a safe place 2849 | -9/Mines | Deemed a non-threat by the Exiles lab entrance 2849 | -9/Mines | Discovered new exit (range 5) 2955 | -9/Mines | Received a Rocket Launcher from a helpful Derelict 2990 | -9/Mines | Discovered new exit (range 5) 2999 | -9/Mines | Assisted by bots powering up and referring to "LRC-V3" 3117 | -9/Mines | Joined a pair of Derelicts in attacking an 0b10 outpost 3258 | -9/Mines | Build established: Scavenger-Mutant 3321 | -9/Mines | Met a Derelict who couldn't figure out how to use a Trap Extractor 3705 | -9/Mines | Entered Materials 3705 | -8/Materials | Accompanied by 3 allies 3705 | -8/Materials | Evolved 2 slots: Propulsion x1, Utility x1 4279 | -8/Materials | Repaired Arm. Wheel 4720 | -8/Materials | Build established: Mutant 5248 | -8/Materials | Destroyed 9 combat bots 5292 | -8/Materials | Discovered new exit (range 16) 5388 | -8/Materials | Identified exit to Factory 5389 | -8/Materials | Entered Factory 5389 | -7/Factory | Evolved 2 slots: Propulsion x1, Utility x1 5774 | -7/Factory | Discovered new exit (range 11) 5787 | -7/Factory | Identified exit to Factory 5963 | -7/Factory | Build established: Assassin 6189 | -7/Factory | Sucked down chute 6189 | -7/Factory | Entered Waste 6251 | -7/Waste | Spotted C-40 Crusher 6260 | -7/Waste | Spotted C-40 Crusher 6266 | -7/Waste | Spotted C-40 Crusher 6281 | -7/Waste | Build established: Mutant 6298 | -7/Waste | Spotted C-40 Crusher 6347 | -7/Waste | Spotted C-40 Crusher 6358 | -7/Waste | Spotted C-40 Crusher 6363 | -7/Waste | Crushed by Compactor (1 part destroyed, 2 dropped) 6372 | -7/Waste | Crushed by Compactor (1 part destroyed, 1 dropped) 6387 | -7/Waste | Crushed by Compactor (1 part destroyed, 1 dropped) 6387 | -7/Waste | Self-destructed Last Messages --------------- 06155_ K-01 Serf cleans the Nuclear Reactor. 06189_ Triggered Chute Trap. 06189_ A hatch slides open and sucks a vortex of air into the floor. LOCATION=UNKNOWN GOAL=ESCAPE 06196_ Dropped Plasma Cannon. 06196_ Acquired Broken HERF Cannon. 06203_ Dropped Adv. Weight Redist. System. 06204_ Acquired Broken Adv. Signal Interpreter. 06363_ Imp. Carbon-fiber Leg crushed. 06363_ Imp. Aluminum Leg crushed. 06363_ Coolant Injector crushed. 06367_ Imp. Aluminum Leg crushed. 06368_ Coolant Injector crushed. 06372_ Deuterium Engine crushed. 06372_ Carbon-fiber Leg crushed. 06372_ Reaction Control System destroyed. 06378_ Carbon-fiber Leg crushed. 06387_ Chainsword crushed. 06387_ Imp. Carbon-fiber Leg crushed. Map ----- +----------------------------------------------------+ | ?????# #????????????????????????????????? | | ?????# ! #????????????????????????????????? | | ?????? #????????????????????????????????? | | ?????? #????????????????????????????????? | | ???????! ?????????????????????????????????? | | ??????? ??????????????????????????????????? | | ???????# #??????????????????????????????????? | | #??????# #??????????????????????????????????? | | #??????# #??????????????????????????????????? | | #??????# #??????????????????????????????????? | | ######## #???????? ???????????????????????? | | #??????# ???????????????????????? | | #??????# ???????????????????????? | | #??????# ???????????????????????? | | #??????# ??????????????????????? | | ######## #??????# #??????????????????????? | | #??????# #??????# #??????????????????????? | | #??????# #??????# #??????????????????????? | | #??????# #??????# #??????????????????????? | | ######## #??????# ####???????????????????? | | #??????# ????????????????????? | | C #??????# ????????????????????? | | C #??????# ?????????????????????? | | #??????# CC ??????????????????????? | | ######## #??????# CC#??????????????????????? | | #??????# #??????# CC@#??????????????????????? | | #??????# #??????# CC #??????????????????????? | | #??????# #??????# #??????????????????????? | | #??????# ######## ###????????????????????? | | #??????# CC #????????????????????? | | #??????# CC #????????????????????? | | #??????# ] #????????????????????? | | [#??????# #????????????????????? | | #??????# ######## ###????????????????????? | | #??????# [#??????# #??????????????????????? | | #??????# #??????# #??????????????????????? | | #??????# #??????# #??????????????????????? | | #??????# #??????# #??????????????????????? | | ###????# ?????######??????????????????????? | | ???????# #????????????????????????????????? | | ???????# #????????????????????????????????? | | ???????# #????????????????????????????????? | | ???????# #????????????????????????????????? | | ???????# #????????????????????????????????? | | ???????# #????????????????????????????????? | | ???????# #????????????????????????????????? | | ???????##########????????????????????????????????? | | ?????????????????????????????????????????????????? | | ?????????????????????????????????????????????????? | | ?????????????????????????????????????????????????? | +----------------------------------------------------+ Best States ------------- Heat Dissipation 58 Coolant Potential 65 Energy Generation 14 Energy Capacity 275 Matter Stores 344 Matter Capacity 500 Sight Range 16 Robot Scan Range 15 Terrain Scan Range 16 Terrain Scan Density 210 Additional Mass Support 9 Armor Coverage 225 Weapon Cycling 15 Evasion (%) 59 Recoil Reduction 1 Item Schematics ----------------- None Robot Schematics ------------------ None Fabricated ------------ Nothing Alien Tech Used ----------------- None Achievements -------------- None Challenges ------------ None Game ------ Seed MachineAngularMinigun Manual? 0 Play Time 00:47:52 Cumulative 109.2 hours Start 2023.07.08 @ 16:44:39 End 2023.07.08 @ 17:31:21 Sessions 1 Manual Loads 0 Difficulty Rogue Special Mode None Game No. 101 Rogue 101 Adventurer 0 Explorer 0 Win Type - Total 1 Types 1/0/0/0/0/0/0/0/0 Lore% 42 Gallery% 48 Achievement% 36 Wizard Run 0 Options --------- ASCII 0 Keyboard 0 Movement Numpad Keybinds 0 Fullscreen 1 Font 18/SmallcapsGlow Map View 76x50 Tactical HUD 1 Map Filters NONE Filters NONE Steam 1 RUN: 89038162-1d61-4bc4-b982-c819cb40fbd2